 Dungeon Crawl Stone Soup version 0.30-a0-339-g89bb51ec76 (webtiles) character file.

Game seed: 13602664744818745557

77798 KennySheep the Destroyer (level 14, -2/107 HPs)
             Began as a Demigod Conjurer on Oct 31, 2022.
             Slain by a thrashing horror (12 damage)
             ... on level 3 of the Abyss.
             The game lasted 01:43:47 (26914 turns).

KennySheep the Destroyer (Demigod Conjurer)        Turns: 26914, Time: 01:43:48

Health: -2/107     AC: 26    Str:  8    XL:     14   Next: 75%
Magic:  17/29      EV:  6    Int: 43    God:
Gold:   784        SH: 11    Dex:  8    Spells: 2/27 levels left

rFire   . . .      SeeInvis +    a - staff of death
rCold   + + +      Faith    .    k - +2 kite shield
rNeg    + . .      Spirit   .    V - +3 ice dragon scales
rPois   +          Reflect  .    J - +1 helmet {Int+3}
rElec   .          Harm     +    m - +0 cloak
rCorr   .          Rampage  .    l - +2 pair of gloves
Will    +....      Rage     9%   Q - +2 pair of boots of Jigsaw {Harm rC+ Int+4 Slay+3}
Stlth   ..........               s - amulet of magic regeneration
HPRegen 0.37/turn                G - ring of protection from fire
MPRegen 0.61/turn                r - ring of Leifuf {Wiz Int+4 SInv}

@: very slightly contaminated, unable to drink
A: high MP 1, forlorn, divine attributes, poison resistance, [berserk 2], clumsy
1[+1], [weak 2], [subdued magic 2], [inability to drink after injury 2],
[inability to read after injury 1]
a: no special abilities


You were on level 3 of the Abyss.
You visited 3 branches of the dungeon, and saw 21 of its levels.
You visited the Abyss 1 time.
You also visited: Ice Cave.

You collected 3876 gold pieces.
You spent 3092 gold pieces at shops.

Inventory:

Hand Weapons
 b - a +5 vorpal quarterstaff
Missiles
 P - 3 large rocks
Armour
 k - a +2 kite shield (worn)
 l - a +2 pair of gloves (worn)
 m - a +0 cloak (worn)
 J - a +1 helmet of intelligence (worn)
 Q - the +2 pair of boots of Jigsaw (worn) {Harm rC+ Int+4 Slay+3}
   (You found it on level 11 of the Dungeon)

   Int:       It affects your intelligence (+4).
   Slay:      It affects your accuracy & damage with ranged weapons and melee
   (+3).
   rC:        It protects you from cold.
   Harm:      It increases damage dealt and taken.
 V - +3 ice dragon scales (worn)
Magical Staves
 a - a staff of death (weapon)
Jewellery
 r - the ring of Leifuf (right hand) {Wiz Int+4 SInv}
   (You found it on level 12 of the Dungeon)

   [ring of wizardry]

   It improves your spell success rate.
   Int:       It affects your intelligence (+4).
   SInv:      It lets you see invisible.
 s - an amulet of magic regeneration (around neck)
 y - a ring of positive energy
 z - the amulet "Hiovay" {Reflect Will+ rCorr SH+5}
   (You found it on level 5 of the Lair of Beasts)

   [amulet of reflection]

   It reflects blocked missile attacks.
   rCorr:     It protects you from acid and corrosion.
   SH:        It affects your SH (+5).
   Will:      It increases your willpower.
 G - a ring of protection from fire (left hand)
 N - a +6 ring of intelligence
 R - an amulet of the acrobat
 S - a ring of flight
Wands
 h - a wand of flame (30)
 v - a wand of roots (6)
 D - a wand of quicksilver (2)
 E - a wand of polymorph (16)
 K - a wand of digging (6)
 T - a wand of paralysis (4)
 U - a wand of mindburst (13)
Scrolls
 e - 10 scrolls of teleportation
 i - a scroll of silence
 j - 3 scrolls of immolation
 n - a scroll of amnesia
 o - a scroll of noise
 p - 3 scrolls of enchant weapon
 q - 3 scrolls of fog
 t - a scroll of poison
 B - 6 scrolls of vulnerability
 I - a scroll of torment
 L - 3 scrolls of magic mapping
Potions
 c - 2 potions of lignification
 d - a potion of flight
 f - 6 potions of attraction
 g - a potion of berserk rage
 w - a potion of degeneration
 x - 4 potions of curing
 A - 4 potions of mutation
 H - a potion of brilliance
 M - 3 potions of might


   Skills:
 - Level 5.5 Fighting
 + Level 9.8 Armour
 - Level 2.3 Dodging
 - Level 1.7 Stealth
 + Level 6.4 Shields
 - Level 7.3 Spellcasting
 - Level 11.3 Conjurations
 * Level 11.2 Necromancy
 - Level 10.7 Translocations
 - Level 8.1 Earth Magic


You had 2 spell levels left.
You knew the following spells:

 Your Spells              Type           Power      Damage    Failure   Level
a - Borgnjor's Vile Clut  Necr/Erth      37%        N/A       7%          5
b - Searing Ray           Conj           100%       2d8       1%          2
c - Iskenderun's Mystic   Conj/Tloc      62%        2d13      1%          4
d - Passage of Golubria   Tloc           61%        N/A       1%          4
e - Dispel Undead         Necr           81%        3d26      1%          4
z - Death Channel         Necr           40%        N/A       22%         6

Your spell library contained the following spells:

 Spells                   Type           Power      Damage    Failure   Level
 Apportation              Tloc           100%       N/A       1%          1
 Magic Dart               Conj           100%       1d8       1%          1
 Sandblast                Erth           100%       2d20      1%          1
 Cigotuvi's Dreadful Rot  Necr/Pois/Air  88%        N/A       4%          2
 Passwall                 Tmut/Erth      25%        N/A       4%          2
 Freeze                   Ice            36%        1d5       14%         1
 Ensorcelled Hibernation  Hex/Ice        18%        N/A       22%         2
 Poisonous Vapours        Pois/Air       18%        N/A       22%         2
 Stone Arrow              Conj/Erth      100%       3d13      1%          3
 Animate Dead             Necr           81%        N/A       1%          4
 Dazzling Flash           Conj/Hex       80%        N/A       4%          3
 Hailstorm                Conj/Ice       40%        3d10      4%          3
 Mephitic Cloud           Conj/Pois/Air  30%        N/A       9%          3
 Kindle Blastsparks       Fire/Tloc/Air  58%        2d14      10%         3
 Fulminant Prism          Conj/Hex       20%        3d12      13%         4
 Petrify                  Tmut/Erth      31%        N/A       26%         4
 Frozen Ramparts          Ice            18%        1d3       41%         3
 Ignite Poison            Fire/Tmut/Pois 9%         N/A       41%         3
 Swiftness                Air            9%         N/A       41%         3
 Freezing Cloud           Conj/Ice/Air   15%        6-21      63%         5
 Simulacrum               Ice/Necr       28%        N/A       91%         6
 Alistair's Intoxication  Tmut/Pois      6%         N/A       98%         5
 Metabolic Englaciation   Hex/Ice        4%         N/A       98%         5
 Silence                  Hex/Air        4%         N/A       98%         5
 Statue Form              Tmut/Erth      20%        N/A       99%         6
 Lehudib's Crystal Spear  Conj/Erth      29%        10d8      100%        8
 Polar Vortex             Ice            4%         N/A       100%        9


Dungeon Overview and Level Annotations

Branches:
Dungeon (14/15)            Temple (0/1) D:7            Lair (5/5) D:8
  Swamp (0/4) Lair:3        Snake (0/4) Lair:2        Slime (0/5) Lair:5
    Orc (2/2) D:9             Elf (0/3) Orc:2        Vaults (0/5) D:14
  IceCv (visited)

Shops:
D:13 *   Orc:2 ([*:

Portals:
Abyss: Lair:5

Annotations:
Lair:5 2 transporters, FacelessVoid's ghost, journeyman DsHW
Orc:1 2 transporters, Vaybbaps's ghost, journeyman MiBe


Innate Abilities, Weirdness & Mutations

You have an increased reservoir of magic. (+10% MP)
You shall have no god before yourself.
Your divine heritage dramatically boosts your attributes as you level up.
Your system is resistant to poisons. (rPois)
[You have an uncontrollable temper.]
[You are very clumsy. (Dex -4)]
[You are very weak. (Str -4)]
[Your spells are easier to cast, but less powerful.]
[You sometimes lose the ability to drink potions when taking damage.]
[You occasionally lose the ability to read scrolls when taking damage.]


Message History

The bolt of cold hits you. You resist.
* * * LOW HITPOINT WARNING * * *
The thrashing horror barely misses you.
You block the thrashing horror's attack.
You flicker back into view.
You can read scrolls again.
Okay, then.
Casting: Passage of Golubria (mildly dangerous; 1% risk of failure)
Confirm with . or Enter, or press ? or * to list all spells.
You erupt in a blast of force!
The mystic blast hits the thrashing horror!
The thrashing horror is moderately damaged.
The mystic blast hits the red draconian!
The red draconian is lightly wounded.
The red draconian is knocked back by the mystic blast.
The red draconian slams into the rock wall!
The red draconian is lightly wounded.
The thrashing horror tramples you but does no damage.
You block the thrashing horror's attack.
Casting: Iskenderun's Mystic Blast (mildly dangerous; 1% risk of failure)
Confirm with . or Enter, or press ? or * to list all spells.
You erupt in a blast of force!
The mystic blast hits the red draconian.
The red draconian is moderately wounded.
The red draconian is knocked back by the mystic blast.
The red draconian slams into the rock wall!
The red draconian is moderately wounded.
The mystic blast hits the thrashing horror!
The thrashing horror is heavily damaged.
You block the thrashing horror's attack. x2
Casting: Iskenderun's Mystic Blast (mildly dangerous; 1% risk of failure)
Confirm with . or Enter, or press ? or * to list all spells.
You miscast Iskenderun's Mystic Blast.
You are very lightly contaminated with residual magic.
Nothing appears to happen.
The thrashing horror tramples you but does no damage.
You block the thrashing horror's attack.
The thrashing horror tramples you!
You feel threatened and lose the ability to drink potions!
You die...

## .# .##.^.. ## . .._#
.... . .. .# .... . ...#
##. .#.#.# .# ..#..##X#
....# # .......@## ##..#
..#...
~#.##...d..#.°≈~##.#.#8.
##...##.#.. ~.##.#..
##..#.##d.#2## ##..
##..#≈~X~ . .###..
#.#.~~ ~.#.##.#.∩
#..####~~.. ## ○. ....#
#.~≈# ~.#.#d .#...
~~#~≈.#....


You could see a red draconian and a thrashing horror.

Vanquished Creatures
  A tentacled starspawn (Abyss:3)
  A blizzard demon (Abyss:3)
  2 ice dragons
  An ettin (Orc:1)
  4 hydras
  7 vault guards (D:14)
  2 centaur warriors (D:13)
  A catoblepas (Lair:2)
  A tengu warrior (D:13)
  3 two-headed ogres
  4 thrashing horrors (Lair:5)
  A boulder beetle (D:9)
  2 death yaks (Lair:4)
  An orc high priest (Orc:2)
  Nergalle (Orc:1)
  A fire crab (Lair:5)
  A wretched star (Abyss:3)
  A skeletal warrior (D:13)
  The ghost of lunkers the Martial Artist, a novice MeFi of Gozag (D:8)
  Lodul (D:14)
  3 bog bodies
  A sea snake (shapeshifter) (D:14)
  A glowing orange brain (Abyss:3)
  2 lindwurms
  An oklob plant (Orc:2)
  7 ugly things
  5 orc sorcerers (Orc:2)
  A manticore (D:11)
  Joseph (D:7)
  An apocalypse crab (Abyss:3)
  6 elephants
  5 black mambas
  Maurice (D:12)
  A smoke demon (Abyss:3)
  3 ice statues
  9 cane toads
  5 komodo dragons
  6 rime drakes
  An ice devil (Lair:1)
  A freezing wraith (D:12)
  2 ancient zymes (Lair:5)
  A hellwing (Abyss:3)
  2 tengu conjurers (D:13)
  A tarantella (shapeshifter) (Lair:5)
  8 polar bears
  2 slime creatures (D:13)
  7 trolls
  18 blink frogs
  A large abomination (Abyss:3)
  2 shadows (D:11)
  2 ynoxinuls (Lair:5)
  A wraith (D:12)
  28 yaks
  A vampire (D:10)
  A wyvern (Lair:2)
  6 basilisks
  A fire elemental (D:13)
  2 steam dragons
  2 chaos spawn (Lair:5)
  A neqoxec (Abyss:3)
  4 vampire mosquitoes
  2 harpy simulacra (Lair:1)
  4 wargs
  An acid dragon (D:9)
  11 water moccasins
  2 nagas (Lair:2)
  9 small abominations (Lair:5)
  3 ice beasts
  A sky beast (D:7)
  3 black bears
  22 orc warriors
  13 ogres
  47 wolves
  5 centaurs
  A phantom (D:5)
  2 kobold brigands
  13 bullfrogs
  3 scorpions
  3 wights (D:7)
  8 killer bees
  4 lindwurm simulacra (IceCv)
  4 howler monkeys (D:11)
  2 electric eels
  6 komodo dragon simulacra (IceCv)
  A quasit (Abyss:3)
  3 hounds
  2 jellies
  33 orc priests
  A gnoll bouda (D:9)
  Jessica (D:2)
  2 iguanas (D:6)
  41 orc wizards
  2 hell rats (Lair:5)
  3 troll simulacra (Lair:1)
  A wolf simulacrum (Lair:1)
  10 gnolls
  5 adders
  7 river rats (Lair:5)
  5 acid dragon simulacra (IceCv)
  A shadow imp (D:7)
  2 white imps (D:6)
  6 steam dragon simulacra (IceCv)
  2 worms
  A dart slug (D:4)
  79 orcs
  5 ball pythons
  5 endoplasms
  4 giant cockroaches
  6 goblins
  3 hobgoblins
  2 jackals (D:2)
  13 kobolds
  2 quokkas
  4 bats
  A frilled lizard (D:3)
  8 rats
  A butterfly (Lair:1)
  A starspawn tentacle (Abyss:3)
623 creatures vanquished.

Vanquished Creatures (collateral kills)
  A vault guard (D:14)
  3 death yaks (Lair:4)
  A cyclops (D:14)
  A faun (Lair:4)
  A smoke demon (Lair:5)
  A troll (D:13)
  A slime creature (D:13)
  An ogre (D:14)
  A small abomination (Lair:5)
11 creatures vanquished.

Vanquished Creatures (others)
  A manticore (D:12)
  An ogre (D:14)
  An orc wizard (Orc:2)
  An orc (D:3)
  20 fungi
  27 plants
  5 starspawn tentacles (Abyss:3)
56 creatures vanquished.

Grand Total: 690 creatures vanquished

Notes
Turn   | Place    | Note
-------+----------+-------------------------------------------
     0 | D:1      | KennySheep the Demigod Conjurer began the quest for the
                  | Orb.
     0 | D:1      | Reached XP level 1. HP: 14/14 MP: 5/5
   503 | D:1      | Reached XP level 2. HP: 20/20 MP: 2/7
   506 | D:1      | Learned a level 2 spell: Searing Ray
   862 | D:1      | Reached skill level 1 in Translocations
  1532 | D:2      | Noticed Jessica
  1539 | D:2      | Killed Jessica
  1540 | D:2      | Reached XP level 3. HP: 24/26 MP: 1/8
  2370 | D:3      | Reached XP level 4. HP: 33/33 MP: 6/10
  2891 | D:4      | Reached XP level 5. HP: 38/38 MP: 5/11
  3033 | D:4      | Noticed an ogre
  3039 | D:4      | Killed an ogre
  3040 | D:4      | Reached skill level 5 in Conjurations
  3045 | D:4      | Learned a level 4 spell: Iskenderun's Mystic Blast
  3132 | D:4      | Reached XP level 6. HP: 36/45 MP: 2/13
  3566 | D:4      | Learned a level 4 spell: Passage of Golubria
  3742 | D:5      | Entered Level 5 of the Dungeon
  3940 | D:5      | Reached XP level 7. HP: 50/50 MP: 9/15
  4056 | D:5      | Found Abeomot's Assorted Antiques.
  4065 | D:5      | Bought a large ivory ring for 155 gold pieces
  4065 | D:5      | Bought a murky blue potion for 27 gold pieces
  4065 | D:5      | Bought a scroll labelled LEQOOJ OTE for 31 gold pieces
  4065 | D:5      | Bought a scroll labelled NUFANG ZAIC for 31 gold pieces
  4065 | D:5      | Bought a scroll labelled RAPNACV CIVUPN for 31 gold pieces
  4415 | D:5      | Reached skill level 5 in Translocations
  5037 | D:6      | Reached XP level 8. HP: 42/57 MP: 7/17
  6331 | D:7      | Identified a scroll of acquirement
  6332 | D:7      | Acquired 1221 gold pieces
  6403 | D:5      | Bought a weird jewelled staff for 372 gold pieces
  6585 | D:7      | Reached XP level 9. HP: 62/62 MP: 15/19
  6802 | D:7      | Reached skill level 5 in Spellcasting
  6914 | D:7      | Noticed Joseph
  6922 | D:7      | Killed Joseph
  6923 | D:7      | Reached skill level 1 in Fighting
  6923 | D:7      | Reached skill level 1 in Armour
  7252 | D:7      | Found a staircase to the Ecumenical Temple.
  8286 | D:8      | Found a staircase to the Lair.
  8397 | D:8      | Found a runed translucent gate.
  8398 | D:8      | Found a runed translucent gate.
  8398 | D:8      | Identified the +9 plate armour of Quantum Leap {rC+ Will+}
  8398 | D:8      | Noticed lunkers's ghost (novice MeFi)
  8399 | D:8      | Found a runed translucent gate.
  9098 | D:9      | Noticed a boulder beetle
  9370 | D:10     | Entered Level 10 of the Dungeon
  9508 | D:10     | Noticed a two-headed ogre
  9523 | D:10     | Killed a two-headed ogre
  9524 | D:10     | Reached XP level 10. HP: 74/74 MP: 6/22
 10162 | D:11     | Noticed a manticore
 10179 | D:11     | Killed a manticore
 10442 | D:11     | Gained mutation: [You are clumsy. (Dex -2)] [potion of
                  | mutation]
 10442 | D:11     | Gained mutation: Your system is resistant to poisons.
                  | (rPois) [potion of mutation]
 10560 | D:11     | Noticed a two-headed ogre
 10569 | D:11     | Killed a two-headed ogre
 10952 | D:11     | Identified the +2 pair of boots of Jigsaw {Harm rC+ Int+4
                  | Slay+3}
 11285 | D:12     | Noticed a manticore
 11313 | D:12     | You fall into a shaft and drop 1 floor!
 11342 | D:13     | Found Pulligg's General Store.
 11470 | D:12     | Reached skill level 10 in Conjurations
 11795 | D:12     | Killed a manticore
 11825 | D:12     | Noticed Maurice
 12024 | D:12     | Killed Maurice
 12109 | D:12     | Identified the ring of Leifuf {Wiz Int+4 SInv}
 12576 | D:9      | Reached XP level 11. HP: 84/84 MP: 8/24
 12649 | D:9      | Noticed a two-headed ogre
 12655 | D:9      | Killed a two-headed ogre
 12866 | D:9      | Found a staircase to the Orcish Mines.
 12918 | D:9      | Killed a boulder beetle
 13377 | Orc:1    | Entered Level 1 of the Orcish Mines
 13385 | Orc:1    | Noticed Nergalle
 13397 | Orc:1    | Noticed Vaybbaps's ghost (journeyman MiBe)
 13398 | Orc:1    | Killed Nergalle
 13399 | Orc:1    | Reached skill level 10 in Translocations
 13611 | Orc:1    | Found a transporter.
 13811 | Orc:1    | Found a transporter.
 13827 | Orc:1    | Noticed an ettin
 13991 | Orc:1    | HP: 2/85 [ettin/+0 dire flail (21)]
 14290 | Lair:1   | Entered Level 1 of the Lair of Beasts
 14886 | Lair:1   | Noticed a bog body
 14902 | Lair:1   | Killed a bog body
 14903 | Lair:1   | Reached skill level 5 in Armour
 15030 | Lair:1   | Reached skill level 5 in Fighting
 16058 | D:5      | Bought ice dragon scales for 1860 gold pieces
 16461 | Lair:2   | Noticed a catoblepas
 16468 | Lair:2   | Killed a catoblepas
 16469 | Lair:2   | Reached XP level 12. HP: 80/94 MP: 10/27
 16566 | Lair:2   | Found a staircase to the Snake Pit.
 16677 | Lair:2   | Learned a level 5 spell: Borgnjor's Vile Clutch
 17288 | Lair:3   | Reached skill level 1 in Necromancy
 17288 | Lair:3   | Reached skill level 1 in Earth Magic
 17582 | Lair:3   | Found a staircase to the Swamp.
 18349 | Lair:4   | Reached skill level 5 in Necromancy
 18349 | Lair:4   | Reached skill level 5 in Earth Magic
 18908 | Lair:4   | Reached XP level 13. HP: 88/101 MP: 15/28
 19537 | Lair:5   | Entered Level 5 of the Lair of Beasts
 19659 | Lair:5   | Reached skill level 1 in Shields
 20122 | Lair:5   | Noticed FacelessVoid's ghost (journeyman DsHW)
 20131 | Lair:5   | Found a transporter.
 20135 | Lair:5   | Found a transporter.
 20288 | Lair:5   | Found a frozen archway.
 20318 | IceCv    | Entered an ice cave
 21325 | Lair:5   | Found a staircase to the Slime Pits.
 22009 | Lair:5   | Learned a level 6 spell: Death Channel
 22461 | Lair:5   | Found a one-way gate to the infinite horrors of the Abyss.
 22471 | Lair:5   | Identified the amulet "Hiovay" {Reflect Will+ rCorr SH+5}
 22709 | D:8      | Killed lunkers's ghost
 22710 | D:8      | Reached XP level 14. HP: 107/107 MP: 8/29
 23463 | Orc:2    | Entered Level 2 of the Orcish Mines
 23610 | Orc:2    | Found a staircase to the Elven Halls.
 24377 | Orc:2    | Learned a level 4 spell: Dispel Undead
 24476 | Orc:2    | Reached skill level 5 in Shields
 24843 | Orc:2    | Found Yruczoch's Book Shoppe.
 24843 | Orc:2    | Found Feistruix's Assorted Antiques.
 24844 | Orc:2    | Found Evablitz's Antique Weapon Emporium.
 24848 | Orc:2    | Found Safiumner's Armour Emporium.
 24852 | Orc:2    | Bought a scroll of identify for 60 gold pieces
 24852 | Orc:2    | Bought a scroll of identify for 60 gold pieces
 24852 | Orc:2    | Bought a scroll of identify for 60 gold pieces
 24857 | Orc:2    | Bought a +2 pair of gloves for 165 gold pieces
 25390 | D:13     | Bought a scroll of enchant armour for 97 gold pieces
 25390 | D:13     | Bought a scroll of teleportation for 39 gold pieces
 25390 | D:13     | Bought a potion of magic for 104 gold pieces
 25641 | D:13     | Reached skill level 10 in Necromancy
 26338 | D:14     | Noticed Lodul
 26344 | D:14     | Killed Lodul
 26366 | D:14     | Found a gate to the Vaults.
 26572 | D:14     | Identified the +6 falchion of Uskayaw, Growing {vorpal,
                  | Contam rPois Will+ Int+9}
 26654 | Abyss:2  | Cast into level 2 of the Abyss (a wizard)
 26730 | Abyss:3  | Noticed a tentacled starspawn
 26742 | Abyss:3  | Killed a tentacled starspawn
 26787 | Abyss:3  | Noticed a purple draconian shifter
 26788 | Abyss:3  | HP: 5/107 [purple draconian shifter/bolt of dispelling
                  | energy (14)]
 26801 | Abyss:3  | HP: 3/107 [purple draconian shifter/bolt of dispelling
                  | energy (6)]
 26824 | Abyss:3  | Noticed a bone dragon
 26830 | Abyss:3  | Noticed a reaper
 26886 | Abyss:3  | Noticed a tentacled starspawn
 26888 | Abyss:3  | HP: 5/107 [thrashing horror (1)]
 26914 | Abyss:3  | Slain by a thrashing horror

Illustrated notes

Levels and vault maps discovered:
D:1:      minmay_arrival_doors, layout_loops_ring, minmay_hexomino_r4
D:2:      layout_loops_ring, basic_altar, uniq_jessica
D:3:      layout_rooms, mainiacjoe_overflow_chevrons
D:4:      layout_rooms, amcnicky_altar_gilded, lemuel_coloured_pillars_altar
D:5:      layout_cave_pools, nicolae_overflow_hidden_temple, serial_park,
          serial_park_square2, serial_park_square2, serial_park_square3
          [serial_park_minivault_5x5_8], serial_park_gazebo
          [serial_park_minivault_5x5_4], serial_shops, nicolae_shop_hallway_plus
D:6:      layout_cave_pools, lemuel_doored_altar, kennysheep_generic_room_6
D:7:      layout_basic, mainiacjoe_overflow_surrounded_room, okawaru_gym_becter,
          mainiacjoe_overflow_catwalk, minmay_temple_entry_statues_pillars,
          st_stairs_5, corner_web_ring, serial_bayou_pond_b, uniq_joseph
D:8:      layout_basic, erik_lair_orcish_takeover, biasface_ghost_orc_armoury
D:9:      layout_basic, david_orc_5, hangedman_abyss_or_decor_lesser_grid
D:10:     layout_gridville
D:11:     layout_stronghold
D:12:     layout_irregular_city, uniq_maurice
D:13:     layout_big_octagon, serial_shops, shop, nrook_uturn
D:14:     lemuel_flame_loot_2, layout_basic, erik_vaults_2, nzn_ghost_randoct,
          nicolae_qazlal_scattered_showers, uniq_lodul
Lair:1:   dreamdust_isle_of_ice, layout_misc_corridors, lemuel_fruit_fields,
          infiniplex_staircase_pool_2
Lair:2:   layout_cave_pods, guppyfry_snake_entry_garden, grunt_megastairs_4,
          serial_bayou_shore_b
Lair:3:   layout_roguey, skrybe_swamp_entry_bodies, infiniplex_staircase_pool
Lair:4:   layout_hall_layers, grunt_forest_large_clearings
Lair:5:   hellmonk_lair_end_abyssal_woods, layout_regular_city, slime_entry_1,
          gammafunk_ghost_arena, portal_ice_cave_entry_animals_and_master,
          kennysheep_rathole
Orc:1:    layout_caves, gammafunk_ghost_arena, uniq_nergalle
Orc:2:    st_orc_mages, layout_diamond_mine, mines3_lemuel
Abyss:3:  base: Lair:1, minivault_22, minivault_4, minivault_4, minivault_4,
          guppyfry_abyss_exit_glass_guarded, spicy_abyss_helpful_harpoons

Skill      XL: |  1  2  3  4  5  6  7  8  9 10 11 12 13 14 |
---------------+-------------------------------------------+-----
Translocations | 1 2 3 4 5 7 8 9 10 | 10.7
Spellcasting   | 2 3 4 5 6 7 |  7.3
Conjurations   | 4 5 6 8 9 10 11 | 11.3
Fighting       | 2 4 5 |  5.5
Armour         | 2 4 5 7 8 9 |  9.8
Dodging        | 2 |  2.3
Necromancy     | 5 8 11 | 11.2
Earth Magic    | 5 8 |  8.1
Shields        | 4 6 |  6.4
Stealth        | |  1.7

Action                   |  1- 3 |  4- 6 |  7- 9 | 10-12 | 13-15 || total
-------------------------+-------+-------+-------+-------+-------++-------
Melee: Unarmed           |     6 |       |       |       |       ||     6
       Dagger            |       |     3 |     3 |       |       ||     6
       Quarterstaff      |       |       |    26 |    43 |       ||    69
       Staff             |       |       |       |    20 |    49 ||    69
       Punch             |       |       |       |     1 |       ||     1
 Cast: Magic Dart        |    72 |    48 |   105 |       |       ||   225
       Searing Ray       |     5 |    12 |    48 |     6 |       ||    71
       Iskenderun's Myst |       |       |    24 |   198 |    94 ||   316
       Passage of Golubr |       |       |       |     1 |     2 ||     3
       Borgnjor's Vile C |       |       |       |       |   148 ||   148
       Death Channel     |       |       |       |       |     3 ||     3
       Dispel Undead     |       |       |       |       |     1 ||     1
Evoke: Wand              |       |       |       |     4 |     1 ||     5
  Use: Potion            |     2 |     1 |     3 |     9 |     7 ||    22
       Scroll            |     1 |       |    10 |    22 |    13 ||    46
 Stab: Invisible         |       |     1 |       |       |       ||     1
Armor: Robe              |     3 |       |    12 |       |       ||    15
       Steam dragon scal |       |       |     8 |    27 |       ||    35
       Ice dragon scales |       |       |       |    49 |   110 ||   159
Dodge: Dodged            |     9 |     5 |    81 |   104 |    41 ||   240
Block: Other             |       |       |    14 |    40 |       ||    54
       Reflection        |       |       |     2 |     1 |    11 ||    14
       Kite shield       |       |       |       |       |   111 ||   111

Table legend: (Time is in decaauts)
 A = Elapsed time spent in this place.
 B = Non-inter-level travel time spent in this place.
 C = Inter-level travel time spent in this place.
 D = Time resting spent in this place.
 E = Time spent auto-exploring this place.
 F = Levels seen in this place.
 G = Mean time per level.
                   A        B        C        D        E       F      G
               +--------+--------+--------+--------+--------+-----+--------+
         Total |  27008 |  25371 |   1637 |   8187 |  12683 |  24 | 1125.3 |
       Dungeon |  15757 |  14758 |    999 |   4475 |   8112 |  14 | 1125.5 |
          Lair |   7677 |   7130 |    547 |   2294 |   3442 |   5 | 1535.4 |
  Orcish Mines |   2482 |   2392 |     90 |    890 |   1020 |   2 | 1241.0 |
         Abyss |    244 |    244 |      0 |     12 |      0 |   2 |  122.0 |
      Ice Cave |    847 |    847 |      0 |    516 |    108 |   1 |  847.0 |
               +--------+--------+--------+--------+--------+-----+--------+

Top non-repeatable levels by time:
  Lair:5: 2061 daAuts
     D:7: 1796 daAuts
  Lair:1: 1689 daAuts
     D:9: 1581 daAuts
  Lair:2: 1545 daAuts
    D:12: 1427 daAuts
     D:8: 1407 daAuts
  Lair:3: 1337 daAuts
   Orc:1: 1294 daAuts
     D:6: 1270 daAuts
    D:11: 1199 daAuts
   Orc:2: 1188 daAuts
     D:5: 1135 daAuts
     D:2: 1118 daAuts
  Lair:4: 1043 daAuts
